 Dungeon Crawl Stone Soup version 0.29-a0-887-gcbe080d7e0 (webtiles) character file.

Game seed: 5169275842489118340

1350 IdlyInterested the Trooper (level 8, -9/64 HPs)
             Began as a Demonspawn Wanderer on July 21, 2022.
             Mangled by a gnoll sergeant
             ... wielding a +0 trident
              (13 damage)
             ... on level 6 of the Dungeon.
             The game lasted 00:23:19 (6177 turns).

IdlyInterested the Trooper (Demonspawn Wanderer)    Turns: 6177, Time: 00:23:19

Health: -9/64      AC: 12    Str: 15    XL:     8   Next: 36%
Magic:  12/12      EV: 10    Int: 14    God:
Gold:   200        SH:  4    Dex: 12    Spells: 9/13 levels left

rFire   . . .      SeeInvis .   i - +0 long sword (freeze)
rCold   . . .      Faith    .   b - +0 buckler
rNeg    . . .      Spirit   .   p - +0 ring mail
rPois   .          Reflect  .   (no helmet)
rElec   .          Harm     .   (no cloak)
rCorr   .          Rampage  .   q - +0 pair of gloves
Will    .....                   (no boots)
Stlth   +.........              (no amulet)
HPRegen 0.20/turn               l - +4 ring of slaying
MPRegen 0.13/turn               x - ring of wizardry

@: sanguine armoured
A: ignite blood 1, spiny 2, sanguine armour 1
a: no special abilities


You were on level 6 of the Dungeon.
You visited 2 branches of the dungeon, and saw 7 of its levels.

You collected 290 gold pieces.
You spent 90 gold pieces at shops.

Inventory:

Hand Weapons
 i - a +0 long sword of freezing (weapon)
 m - a +0 short sword
Missiles
 r - 13 poisoned darts
 C - 2 boomerangs
Armour
 b - a +0 buckler (worn)
 p - a +0 ring mail (worn)
 q - a +0 pair of gloves (worn)
 u - a +0 crystal plate armour
Jewellery
 l - a +4 ring of slaying (left hand)
 x - a ring of wizardry (right hand)
Wands
 y - a wand of iceblast (7)
Scrolls
 g - 3 scrolls of fear
 n - 4 scrolls of teleportation
 s - 2 scrolls of immolation
 B - a scroll of amnesia
 D - a scroll of enchant weapon {unknown}
Potions
 c - 4 potions of berserk rage
 d - 2 potions of heal wounds
 e - 4 potions of curing
 h - a potion of cancellation
 k - a potion of mutation
 o - a potion of might
 t - a potion of resistance
 v - 2 potions of haste
 w - a potion of flight
 z - a potion of invisibility
 A - a potion of brilliance


   Skills:
 + Level 6.0 Fighting
 * Level 4.4 Long Blades
 - Level 1.0 Throwing
 + Level 1.5 Armour
 - Level 2.0 Dodging
 - Level 1.0 Stealth
 - Level 1.7 Shields
 - Level 3.0 Spellcasting
 + Level 2.0 Conjurations
 - Level 3.0 Transmutations
 - Level 2.0 Air Magic
 - Level 1.0 Earth Magic
 - Level 2.0 Invocations
 - Level 2.0 Evocations


You had 9 spell levels left.
You knew the following spells:

 Your Spells              Type           Power      Damage    Failure   Level
a - Static Discharge      Conj/Air       7%         3-4/arc   16%         2
b - Passwall              Tmut/Erth      5%         N/A       16%         2

Your spell library contained the following spells:

 Spells                   Type           Power      Damage    Failure   Level
 Beastly Appendage        Tmut           20%        N/A       6%          1
 Ensorcelled Hibernation  Hex/Ice        4%         N/A       32%         2
 Sublimation of Blood     Necr           2%         N/A       32%         2
 Spider Form              Tmut/Pois      6%         N/A       32%         3
 Portal Projectile        Hex/Tloc       4%         N/A       52%         3
 Tukima's Dance           Hex            2%         N/A       52%         3
 Petrify                  Tmut/Erth      7%         N/A       65%         4
 Blade Hands              Tmut           5%         N/A       85%         5
 Anguish                  Hex/Necr       1%         N/A       89%         4
 Irradiate                Conj/Tmut      4%         3d13      89%         5
 Lightning Bolt           Conj/Air       3%         1d15      92%         5
 Maxwell's Capacitive Co  Air            3%         ∞         100%        8


Dungeon Overview and Level Annotations

Branches:
Dungeon (6/15)             Temple (1/1) D:6

Altars:
Cheibriados
Dithmenos
Fedhas
Hepliaklqana
Kikubaaqudgha
Makhleb
Nemelex Xobeh
Qazlal
Trog
Uskayaw
Vehumet
Wu Jian
Xom
Yredelemnul

Shops:
D:4 [


Innate Abilities, Weirdness & Mutations

Your demonic aura sometimes causes spilled blood to erupt in flames.
You are mostly covered in sharp spines.
When seriously injured, your blood forms armour. (AC +6)


Message History

The gnoll is struck by your spines. The gnoll hits you with a +0 spear.
The gnoll shouts!
You hit the gnoll. You freeze the gnoll.
The gnoll is heavily wounded.
The gnoll hits you with a +0 spear. You block the gnoll's attack.
You slash the gnoll! You freeze the gnoll.
You kill the gnoll!
A gnoll sergeant comes into view. It is wielding a +0 trident.
The gnoll throws a stone.
The stone hits you.
The gnoll sergeant hits you but does no damage.
The gnoll is struck by your spines. The gnoll hits you but does no damage.
You see here a +0 spear.
You slash the gnoll! You freeze the gnoll.
You kill the gnoll!
The gnoll sergeant hits you from afar with a +0 trident!
Your blood congeals into armour.
A gnoll comes into view. It is wielding a +0 spear.
The gnoll shouts!
The gnoll sergeant hits you with a +0 trident.
The gnoll moves out of view.
You slash the gnoll sergeant! You freeze the gnoll sergeant.
The gnoll sergeant is moderately wounded.
The gnoll sergeant hits you with a +0 trident.
You hit the gnoll sergeant. You freeze the gnoll sergeant.
The gnoll sergeant is heavily wounded.
The gnoll sergeant hits you with a +0 trident.
The gnoll hits you from afar with a +0 spear.
The gnoll sergeant hits you with a +0 trident.
* * * LOW HITPOINT WARNING * * *
The gnoll hits you but does no damage.
You hit the gnoll sergeant but do no damage.
The gnoll sergeant is heavily wounded.
The gnoll sergeant hits you with a +0 trident!
* * * LOW HITPOINT WARNING * * *
You block the gnoll's attack.
Unknown command.
You hit the gnoll sergeant but do no damage.
The gnoll sergeant is heavily wounded.
The gnoll sergeant hits you with a +0 trident!
You die...

##### # #...# #. #...#
###..##...# .#....gg...##
###..... ..... #@)..#
....... ..... ##)..## ......
....####....## .....
......#......# ....
##...$.....# ... ##
##.....#..!..# ##.. ..
#......#.......> ##...
##.####...............#
#....
...##.................##....


You could see a gnoll sergeant and a gnoll.

Vanquished Creatures
  Sigmund (D:2)
  2 water moccasins
  An ice beast (D:5)
  2 centaurs
  A bullfrog (D:6)
  A necrophage (D:5)
  A scorpion (D:4)
  A howler monkey (D:4)
  4 hounds (D:6)
  2 jellies (D:6)
  Jessica (D:2)
  2 iguanas (D:6)
  9 gnolls
  6 adders
  A white imp (D:6)
  A worm (D:3)
  5 dart slugs
  6 orcs
  7 bats
  7 endoplasms
  5 giant cockroaches
  6 goblins
  13 hobgoblins
  6 jackals
  13 kobolds
  4 quokkas
  A ball python (D:1)
  6 frilled lizards
  2 rats (D:1)
117 creatures vanquished.

Notes
Turn   | Place    | Note
-------+----------+-------------------------------------------
     0 | D:1      | IdlyInterested the Demonspawn Wanderer began the quest for
                  | the Orb.
     0 | D:1      | IdlyInterested set off with the following items: a +0
                  | dagger, a +0 buckler, a potion of berserk rage, a +0 robe,
                  | a potion of curing; and the following spell memorised:
                  | Beastly Appendage; and the following spells available to
                  | memorise: Passwall, Spider Form.
     0 | D:1      | Reached XP level 1. HP: 16/16 MP: 2/2
   419 | D:1      | Gained mutation: Your demonic aura sometimes causes spilled
                  | blood to erupt in flames. [demonic ancestry]
   419 | D:1      | Reached XP level 2. HP: 21/23 MP: 1/3
  1117 | D:1      | Reached skill level 1 in Stealth
  1435 | D:1      | Found a faded altar of an unknown god.
  1453 | D:1      | Gained mutation: You are partially covered in sharp spines.
                  | [demonic ancestry]
  1453 | D:1      | Reached XP level 3. HP: 28/28 MP: 2/4
  1664 | D:1      | Learned a level 2 spell: Passwall
  1705 | D:2      | Reached skill level 3 in Fighting
  1746 | D:2      | Noticed Jessica
  1750 | D:2      | Killed Jessica
  1751 | D:2      | Reached skill level 1 in Armour
  1751 | D:2      | Gained mutation: You are mostly covered in sharp spines.
                  | [demonic ancestry]
  1751 | D:2      | Reached XP level 4. HP: 28/35 MP: 3/5
  2360 | D:2      | Noticed Sigmund
  2371 | D:2      | Killed Sigmund
  2372 | D:2      | Reached skill level 4 in Fighting
  2372 | D:2      | Reached skill level 1 in Throwing
  2372 | D:2      | Reached skill level 1 in Earth Magic
  2372 | D:2      | Reached skill level 1 in Evocations
  2372 | D:2      | Reached XP level 5. HP: 18/43 MP: 4/8
  3084 | D:3      | Reached XP level 6. HP: 49/49 MP: 9/9
  3122 | D:3      | Found a blossoming altar of Fedhas.
  3613 | D:3      | Found Zin's Purification Station.
  3649 | D:3      | Bought a potion of curing for 90 gold pieces
  3712 | D:3      | Found a faded altar of an unknown god.
  3716 | D:3      | Found a shadowy altar of Dithmenos.
  4223 | D:4      | Found Cuaraxusk's Antique Armour Emporium.
  4378 | D:4      | Reached skill level 5 in Fighting
  4590 | D:4      | Found a burning altar of Makhleb.
  4590 | D:4      | Found a hazy altar of Hepliaklqana.
  4723 | D:4      | Learned a level 2 spell: Static Discharge
  4789 | D:5      | Entered Level 5 of the Dungeon
  4838 | D:5      | Reached skill level 1 in Conjurations
  4838 | D:5      | Gained mutation: When seriously injured, your blood forms
                  | armour. (AC +6) [demonic ancestry]
  4838 | D:5      | Reached XP level 7. HP: 32/56 MP: 10/10
  5034 | D:5      | Found a sparkling altar of Nemelex Xobeh.
  5166 | D:5      | Reached skill level 1 in Long Blades
  5665 | D:6      | Reached skill level 6 in Fighting
  5684 | D:6      | Found a staircase to the Ecumenical Temple.
  5688 | D:6      | Reached skill level 1 in Air Magic
  5696 | D:6      | Reached XP level 8. HP: 41/64 MP: 9/11
  5711 | Temple   | Entered the Ecumenical Temple
  6109 | D:6      | Found a stormy altar of Qazlal.
  6177 | D:6      | Mangled by a gnoll sergeant

Illustrated notes

Levels and vault maps discovered:
D:1:      lightli_arrival_boilingwater, layout_loops_cross,
          shapermc_ecumenical_altar_mp_urbaneastern
D:2:      layout_loops_ring, minmay_tiny_reverse_x, uniq_sigmund, uniq_jessica
D:3:      layout_loops_ring, zin_purify, fedhas_ov_isle_minmay,
          nicolae_overflow_ecumenical_swirl, mrwooster_statue_mirror
D:4:      layout_rooms, amethyst_overflow_temple_binary, serial_shops,
          nicolae_shop_crystal
D:5:      layout_cave_pools, kennysheep_little_box
D:6:      layout_cave_pools, nicolae_qazlal_general_emergency,
          minmay_temple_entry_sparse_star
Temple:   nicolae_temple_cloud_nine

Skill      XL: |  1  2  3  4  5  6  7  8 |
---------------+-------------------------+-----
Stealth        | 1 |  1.0
Transmutations | 3 |  3.0
Fighting       | 3 4 5 6 |  6.0
Armour         | 1 |  1.5
Invocations    | 2 |  2.0
Throwing       | 1 |  1.0
Spellcasting   | 2 3 |  3.0
Earth Magic    | 1 |  1.0
Evocations     | 1 2 |  2.0
Dodging        | 2 |  2.0
Conjurations   | 1 2 |  2.0
Long Blades    | 3 4 |  4.4
Air Magic      | 1 2 |  2.0
Shields        | |  1.7

Action                   |  1- 3 |  4- 6 |  7- 9 || total
-------------------------+-------+-------+-------++-------
Melee: Dagger            |    82 |    91 |     3 ||   176
       Kick              |    15 |    14 |       ||    29
       Headbutt          |     5 |     7 |       ||    12
       Long sword        |       |       |    61 ||    61
 Cast: Beastly Appendage |    17 |    11 |       ||    28
       Static Discharge  |       |       |     2 ||     2
  Use: Scroll            |       |    12 |     3 ||    15
       Potion            |       |     3 |       ||     3
 Stab: Sleeping          |     2 |       |       ||     2
Armor: Robe              |     4 |       |       ||     4
       Leather armour    |    17 |     2 |       ||    19
       Ring mail         |       |    21 |    36 ||    57
Dodge: Dodged            |    39 |    37 |    23 ||    99
Block: Buckler           |    14 |    19 |    16 ||    49

Table legend: (Time is in decaauts)
 A = Elapsed time spent in this place.
 B = Non-inter-level travel time spent in this place.
 C = Inter-level travel time spent in this place.
 D = Time resting spent in this place.
 E = Time spent auto-exploring this place.
 F = Levels seen in this place.
 G = Mean time per level.
                   A        B        C        D        E       F      G
               +--------+--------+--------+--------+--------+-----+--------+
         Total |   6215 |   5472 |    743 |   1268 |   2977 |   7 |  887.9 |
       Dungeon |   6073 |   5338 |    735 |   1268 |   2845 |   6 | 1012.2 |
        Temple |    141 |    133 |      8 |      0 |    132 |   1 |  141.0 |
               +--------+--------+--------+--------+--------+-----+--------+

Top non-repeatable levels by time:
     D:1: 1841 daAuts
     D:2: 1246 daAuts
     D:3: 1096 daAuts
     D:4: 759 daAuts
     D:5: 681 daAuts
     D:6: 448 daAuts
  Temple: 141 daAuts
